Map: Interloper LE

Players

Winthrowe - Winner!

  • Race: Protoss Protoss
  • League: Silver
  • Spawn Location: 5:00

Bonkinjovi

  • Race: Terran Terran
  • League: Silver
  • Spawn Location: 11:00

VOD

Have the link to the VOD?

Description

Time

  • Played on: Sept. 3, 2017, 3:10 p.m.
  • Length: 11:25
Show
View Real Time Build Order
Export as new Build Order

Winthrowe Protoss - Winner!

Build Orders:  

Get SALT Encoding   

  12  0:01  Probe (Chrono Boost)  
  13  0:12  Probe (Chrono Boost)  
  14  0:22  Pylon  
  14  0:25  Probe (Chrono Boost)  
  15  0:40  Assimilator, Probe (Chrono Boost)  
  16  0:48  Gateway  
  16  0:51  Probe (Chrono Boost)  
  17  1:01  Probe (Chrono Boost)  
  18  1:12  Probe (Chrono Boost)  
  19  1:22  Probe (Chrono Boost)  
  20  1:32  Assimilator  
  20  1:35  Probe (Chrono Boost)  
  20  1:38  Zealot  
  23  2:04  Pylon  
  23  2:10  Pylon  
  23  2:22  Zealot, Probe (Chrono Boost)  
  26  2:33  Probe (Chrono Boost)  
  27  2:43  Probe (Chrono Boost)  
  28  2:54  Nexus, Probe (Chrono Boost)  
  29  3:06  Pylon  
  29  3:10  Pylon  
  29  3:18  Cybernetics Core  
  29  3:22  Gateway x2  
  29  3:25  Gateway  
  29  3:27  Gateway  
  29  3:32  Gateway  
  29  3:49  Probe (Chrono Boost)  
  30  3:56  Warp Gate (Chrono Boost)  
  30  3:59  Probe (Chrono Boost)  
  31  4:10  Probe  
  32  4:22  Probe  
  32  4:23  Stalker  
  35  4:24  Stalker  
  35  4:25  Stalker  
  35  4:26  Stalker  
  35  4:27  Stalker  
  43  4:34  Stalker, Probe  
  43  4:35  Probe  
  47  4:45  Probe  
  47  4:46  Mothership Core  
  50  4:56  Probe  
  51  5:04  Adept x2  
  51  5:06  Probe  
  55  5:07  Probe  
  57  5:17  Probe  
  57  5:20  Probe  
  59  5:27  Probe  
  59  5:32  Probe  
  59  5:34  Nexus  
  61  5:37  Assimilator  
  61  5:38  Probe  
  61  5:42  Assimilator  
  62  5:44  Probe  
  62  5:48  Probe  
  63  5:53  Assimilator  
  63  5:56  Probe  
  65  5:58  Assimilator  
  65  5:59  Probe  
  65  6:00  Pylon  
  66  6:04  Pylon  
  66  6:07  Pylon  
  66  6:08  Probe  
  66  6:10  Probe  
  67  6:14  Gateway  
  67  6:16  Gateway  
  68  6:20  Probe x2  
  68  6:25  Robotics Facility  
  70  6:26  Robotics Facility  
  70  6:30  Twilight Council  
  70  6:38  Zealot x2  
  70  6:39  Zealot  
  76  6:40  Zealot  
  76  6:41  Zealot  
  76  6:42  Zealot  
  82  6:57  Forge  
  82  6:59  Forge  
  82  7:01  Forge  
  82  7:12  Charge  
  82  7:22  Zealot  
  84  7:23  Zealot x4  
  84  7:24  Zealot x3  
  98  7:31  Probe x2  
  98  7:32  Probe  
  101  7:42  Probe x2  
  103  7:44  Probe  
  103  7:49  Observer, Warp Prism  
  107  7:52  Probe x2  
  109  8:06  Pylon  
  109  8:22  Probe x2  
  109  8:23  Pylon  
  109  8:24  Immortal, Probe  
  109  8:26  Pylon  
  116  8:33  Probe  
  116  8:35  Probe  
  116  8:37  Pylon  
  116  8:38  Probe  
  116  8:41  Pylon  
  113  8:43  Probe  
  113  8:44  Pylon  
  113  8:45  Probe  
  106  8:50  Probe  
  106  8:54  Probe  
  100  8:56  Probe  
  100  9:02  Probe  
  99  9:04  Probe  
  99  9:07  Probe  
  99  9:13  Zealot  
  99  9:14  Zealot x3, Probe  
  99  9:15  Zealot x4  
  116  9:30  Robotics Bay  
  116  9:32  Immortal  
  116  9:34  Warp Prism  
  106  9:56  Zealot x2  
  106  9:57  Zealot x2  
  106  9:58  Zealot x3  
  106  9:59  Zealot  
  116  10:10  Warp Prism  
  118  10:22  Stalker x2  
  118  10:23  Stalker  
  118  10:25  Stalker  
  126  10:46  Zealot x3  
  126  10:47  Zealot x4  
  126  10:48  Zealot  
  142  11:11  Stalker x2  
Show
View Real Time Build Order
Export as new Build Order

Bonkinjovi Terran 

Build Orders: Liberator Opening 

Get SALT Encoding   

  12  0:01  SCV  
  13  0:13  SCV  
  14  0:21  Supply Depot  
  14  0:26  SCV  
  15  0:31  Refinery  
  15  0:46  Barracks  
  15  0:53  SCV  
  16  1:05  SCV  
  17  1:33  Supply Depot  
  17  1:42  SCV  
  18  1:50  Factory  
  18  2:00  Command Center  
  18  2:16  SCV  
  18  2:18  Marine  
  20  2:27  Refinery  
  20  2:28  SCV  
  21  2:34  Factory Tech Lab  
  21  2:38  Marine, Starport  
  22  2:53  Orbital Command  
  22  2:57  Marine  
  23  3:14  Liberator  
  23  3:21  Refinery  
  23  3:28  Barracks Tech Lab  
  26  3:40  Engineering Bay  
  26  3:55  SCV  
  27  4:00  Marauder  
  27  4:01  Orbital Command  
  29  4:09  SCV  
  30  4:16  Starport  
  30  4:25  Liberator  
  30  4:42  Barracks  
  33  4:45  Barracks  
  33  4:50  Siege Tank  
  33  4:52  SCV  
  37  4:58  Starport Reactor  
  37  5:01  SCV  
  38  5:18  SCV  
  39  5:24  Terran Infantry Weapons Level 1  
  39  5:28  Starport Reactor  
  39  5:43  SCV  
  39  5:44  Missile Turret  
  39  5:47  Barracks Tech Lab  
  39  5:48  Barracks Tech Lab  
  40  5:52  Supply Depot  
  40  5:54  Infernal Pre-Igniter  
  40  5:59  SCV, Barracks  
  40  6:02  Medivac  
  43  6:04  Viking  
  43  6:09  Liberator  
  45  6:15  Refinery  
  45  6:18  SCV  
  46  6:19  Missile Turret  
  46  6:28  Supply Depot  
  46  6:29  Concussive Shells  
  46  6:30  SCV  
  50  6:37  Marauder x2  
  54  6:47  Barracks Tech Lab  
  54  6:50  Marauder  
  56  6:58  Marine x2  
  58  7:10  SCV  
  59  7:18  Terran Infantry Armor Level 1  
  59  7:22  SCV  
  60  7:26  Missile Turret  
  60  7:30  SCV  
  60  7:34  Sensor Tower, SCV  
  62  7:39  Marauder  
  64  7:44  Armory  
  64  7:46  SCV  
  65  7:58  SCV  
  65  8:05  Bunker  
  66  8:08  SCV  
  66  8:10  SCV  
  68  8:13  Marauder  
  70  8:59  SCV  
  70  9:00  Marauder  
  70  9:03  Marauder  
  70  9:08  Marauder  
  66  9:12  SCV, Hi-Sec Auto Tracking  
  67  9:21  Engineering Bay, Marauder  
  67  9:24  SCV  
  70  9:38  Bunker  
  70  9:44  Hellion  
  70  9:48  Marauder x2  
  70  9:49  Marauder  
  44  10:09  Marauder x2  
  44  10:10  Marauder  
  28  10:30  Marauder  
  28  10:31  Marine  
  28  10:32  Supply Depot  
  28  10:35  Supply Depot  
Tags
 
Add a new tag
Caveats
  • Supply blocks, unpowered buildings, or Contaminate may cause inaccurate times.
  • Supply counts are checked every 10 seconds.